 Dungeon Crawl Stone Soup version 0.22-a0-367-gb72a975 (webtiles) character file.

415 khargal the Shield-Bearer (level 6, -1/38 HPs)
             Began as a Gargoyle Fighter on Apr 22, 2018.
             Killed from afar by an orc wizard (6 damage)
             ... with a magic dart
             ... on level 5 of the Dungeon.
             The game lasted 00:06:47 (3782 turns).

khargal the Shield-Bearer (Gargoyle Fighter)        Turns: 3782, Time: 00:06:48

Health: -1/38      AC: 12    Str: 20    XL:     6   Next: 91%
Magic:  6/6        EV:  7    Int:  8    God:
Gold:   24         SH: 10    Dex: 11    Spells: 5/5 levels left

rFire    . . .     SeeInvis .   e - +1 whip
rCold    . . .     Gourm    .   c - +0 shield
rNeg     + . .     Faith    .   b - +0 scale mail
rPois    ∞         Spirit   .   (no helmet)
rElec    +         Reflect  .   (no cloak)
rCorr    .         Harm     .   k - +0 pair of gloves
MR       .....                  (no boots)
Stlth    ..........             (no amulet)
HPRegen  0.12/turn              (no ring)
MPRegen  0.10/turn              (no ring)

@: no status effects
A: negative energy resistance 1, electricity resistance, unbreathing,
petrification resistance, rot immunity, AC +4
a: no special abilities


You were on level 5 of the Dungeon.
You were very full.

You visited 1 branch of the dungeon, and saw 5 of its levels.

You collected 186 gold pieces.
You spent 162 gold pieces at shops.

Inventory:

Hand Weapons
 a - a +0 flail
 e - a +1 whip (weapon)
Armour
 b - a +0 scale mail (worn)
 c - a +0 shield (worn)
 k - a +0 pair of gloves (worn)
Wands
 j - a wand of scattershot (7)
Scrolls
 m - 2 scrolls of teleportation
 p - a scroll of remove curse
 q - a scroll of magic mapping
 s - a scroll of amnesia
Potions
 d - 3 potions of might
 g - 2 potions of heal wounds
 i - 3 potions of agility
 l - a potion of brilliance
 r - a potion of haste {unknown}
Comestibles
 f - a ration


   Skills:
 + Level 4.3 Fighting
 + Level 4.4 Maces & Flails
 + Level 4.7 Armour
 + Level 5.3 Shields


You had 5 spell levels left.
You didn't know any spells.

Dungeon Overview and Level Annotations

Branches:
Dungeon (5/15)
 Temple: D:4-7

Altars:
Cheibriados
Makhleb
Nemelex Xobeh
Xom
Zin

Shops:
D:4 ?


Innate Abilities, Weirdness & Mutations

You are resistant to torment.
Your stone body is resilient. (AC +4)
You are immune to poison.
You resist negative energy. (rN+)
You are resistant to electric shocks. (rElec)
You can survive without breathing.
You are immune to petrification.
You are immune to rotting.


Message History

You bump into the metal wall.
The orc wizard completely misses you.
You feel less confused.
The orc wizard hits you but does no damage.
Things that are here:
a dagger of venom; a robe The orc wizard hits you with a dagger.
* * * LOW HITPOINT WARNING * * *
You closely miss the orc wizard.
The orc wizard is lightly wounded.
A puff of flame appears from out of thin air!
Deactivating autopickup; reactivate with Ctrl-A.
The puff of flame hits you!
* * * LOW HITPOINT WARNING * * *
The orc wizard hits you but does no damage.
There is an open door here.
The orc wizard gestures at you while chanting.
The puff of flame hits you!
The orc wizard points at you and mumbles some strange words.
The magic dart hits you!
You die...

+....... #...#
.# ##...####..##
#.)..........
##)......?...
#####o.###..##.#
#..##'####..#
#.............
#...@..........
#...............
#..)............
#..###.###..#
#..###.# ..#
#....#.. ..
#....#... #..)##
.## #...###.###


You could see an orc wizard.

Vanquished Creatures
  A centaur (D:5)
  A big kobold (D:3)
  A crimson imp (D:3)
  An orc wizard (D:5)
  3 worker ants (D:4)
  6 adders
  An ooze (D:3)
  A worm (D:3)
  4 leopard geckos
  6 orcs
  4 giant cockroaches
  4 goblins
  8 hobgoblins
  7 jackals
  9 kobolds
  4 bats (D:2)
  A frilled lizard (D:2)
  A leopard gecko skeleton (D:4)
  5 rats
68 creatures vanquished.

Notes
Turn   | Place    | Note
-------+----------+-------------------------------------------
     0 | D:1      | khargal the Gargoyle Fighter began the quest for the Orb.
     0 | D:1      | Reached XP level 1. HP: 14/14 MP: 1/1
   229 | D:1      | Reached XP level 2. HP: 15/19 MP: 2/2
   803 | D:2      | Reached XP level 3. HP: 24/24 MP: 3/3
   963 | D:2      | Found a snail-covered altar of Cheibriados.
  1222 | D:2      | Reached XP level 4. HP: 29/29 MP: 4/4
  1263 | D:2      | Reached skill level 4 in Shields
  1405 | D:2      | Found a glowing silver altar of Zin.
  1870 | D:3      | Noticed a big kobold
  1910 | D:3      | Killed a big kobold
  1910 | D:3      | Reached XP level 5. HP: 24/33 MP: 5/5
  2319 | D:3      | Found a shimmering altar of Xom.
  2320 | D:3      | Found a burning altar of Makhleb.
  2401 | D:3      | Paralysed by a crimson imp for 7 turns
  2498 | D:3      | Reached XP level 6. HP: 38/38 MP: 6/6
  2841 | D:4      | Found Koihe's Magic Scroll Shoppe.
  2872 | D:4      | Reached skill level 5 in Shields
  3015 | D:4      | Bought a scroll of identify for 24 gold pieces
  3015 | D:4      | Bought a scroll of teleportation for 36 gold pieces
  3015 | D:4      | Bought a scroll of remove curse for 36 gold pieces
  3015 | D:4      | Bought a scroll of magic mapping for 42 gold pieces
  3015 | D:4      | Bought a scroll of identify for 24 gold pieces
  3089 | D:4      | Found a sparkling altar of Nemelex Xobeh.
  3387 | D:5      | Entered Level 5 of the Dungeon
  3411 | D:5      | HP: 1/38 [centaur (4)]
  3782 | D:5      | Killed from afar by an orc wizard

Vault maps used:
D:1:      evilmike_arrival_hilbert_curve
D:2:      cheibriados_altar_1, old_standard_altar, first_ration
D:3:      grunt_temple_overflow_champion_of_chaos
D:4:      nemelex_xobeh_ov_fountains_minmay, serial_shops, shop
D:5:      grunt_qazlal_sundering

Skill      XL: |  1  2  3  4  5  6 |
---------------+-------------------+-----
Armour         | 4 |  4.7
Shields        | 4 5 |  5.3
Maces & Flails | 3 4 |  4.4
Fighting       | 4 |  4.3

Action                   |  1- 3 |  4- 6 || total
-------------------------+-------+-------++-------
Melee: Whip              |   153 |   405 ||   558
       Flail             |     2 |       ||     2
       Unarmed           |       |     3 ||     3
  Use: Scroll            |       |     8 ||     8
  Eat: Chunk             |     1 |     6 ||     7
       Ration            |       |     3 ||     3
Armor: Scale mail        |    79 |   220 ||   299
Dodge: Dodged            |    35 |    89 ||   124
Block: Shield            |    74 |   178 ||   252

Table legend:
 A = Spawn XP
 B = Non-spawn XP
 C = Spawn XP percentage of total XP
 D = Spawn monster count
 E = Non-spawn monster count
 F = Spawn count percentage of total count
 G = Total turns spent on level
                    A         B        C        D         E        F      G
               +---------+---------+-------+---------+---------+-------+---------
         Total |       0 |     593 |   0.0 |       0 |      68 |   0.0 |  3782
               +---------+---------+-------+---------+---------+-------+---------
           D:1 |       0 |      29 |   0.0 |       0 |      15 |   0.0 |   778
           D:2 |       0 |      66 |   0.0 |       0 |      19 |   0.0 |   795
           D:3 |       0 |     246 |   0.0 |       0 |      26 |   0.0 |  1051
           D:4 |       0 |      99 |   0.0 |       0 |       4 |   0.0 |   763
           D:5 |       0 |     153 |   0.0 |       0 |       4 |   0.0 |   395
               +---------+---------+-------+---------+---------+-------+---------
